 Dungeon Crawl Stone Soup version 0.19.1-1-g22dce08 (webtiles) character file.

5196 Alarkh the Cleaver (level 10, -4/81 HPs)
             Began as a Pale Draconian Monk on Jan 4, 2017.
             Was a High Priest of Okawaru.
             Slain by a porcupine (7 damage)
             ... on level 10 of the Dungeon.
             The game lasted 00:17:00 (9027 turns).

Alarkh the Cleaver (Pale Draconian Monk)            Turns: 9027, Time: 00:17:00

Health: -4/81      AC: 11    Str: 15    XL:     10   Next: 34%
Magic:  13/13      EV:  2    Int: 13    God:    Okawaru [*****.]
Gold:   316        SH:  0    Dex: 13    Spells: 0 memorised, 9 levels left

rFire  . . .     SeeInvis +     a - +2 war axe (venom)
rCold  . . .     Gourm    .     (armour unavailable)
rNeg   + + +     Faith    .     (no shield)
rPois  ∞         Spirit   .     (helmet restricted)
rElec  .         Reflect  .     N - +1 cloak
rCorr  .         Harm     .     y - +0 pair of gloves
MR     .....                    H - +0 pair of boots
Stlth  ++........               (no amulet)
                                l - ring of poison resistance
                                M - ring of see invisible

@: short of breath, petrified
A: breathe steam, unfitting armour, cold-blooded, AC +7
a: Breathe Steam, Heroism, Finesse, Renounce Religion


You were on level 10 of the Dungeon.
You worshipped Okawaru.
Okawaru was extremely pleased with you.
You were not hungry.

You visited 2 branches of the dungeon, and saw 11 of its levels.

You collected 361 gold pieces.
You spent 45 gold pieces at shops.

Inventory:

Hand Weapons
 a - a +2 war axe of venom (weapon)
 b - a +1 hand axe of freezing
 i - a +0 war axe
 p - a +1 trident of protection
 r - a +0 hand axe
 t - a +0 trident of venom
 I - a +0 battleaxe
 K - a +0 war axe
 Q - a +2 hand axe of flaming
 R - a +2 hand axe of electrocution
Armour
 y - a +0 pair of gloves (worn)
 H - a +0 pair of boots (worn)
 N - a +1 cloak (worn)
Jewellery
 c - an uncursed ring of flight
 l - a ring of poison resistance (right hand)
 M - a ring of see invisible (left hand)
Wands
 s - a wand of random effects (21/48)
 u - a wand of digging (17/24)
 z - a wand of slowing (34/48)
 B - a wand of enslavement (11/24)
 L - a wand of polymorph (7/24)
Scrolls
 e - a scroll of identify
 f - 4 scrolls of magic mapping
 h - 2 scrolls of fear
 k - 3 scrolls of enchant armour
 v - 9 scrolls of remove curse
 w - 9 scrolls of teleportation
 A - 2 scrolls of enchant weapon {unknown}
 D - a scroll of noise {unknown}
 F - a scroll of immolation {unknown}
Potions
 d - 4 potions of curing
 j - a potion of brilliance
 m - a potion of lignification
 o - 4 potions of agility
 q - 2 potions of haste
 C - a potion of flight
 G - a potion of mutation
 J - a potion of might
 P - a potion of invisibility
Comestibles
 g - 2 slices of pizza
 n - 3 meat rations
 x - 5 fruits
 E - 8 bread rations
 O - 2 chunks of flesh


   Skills:
 + Level 5.4 Fighting
 * Level 13.6 Axes
 + Level 4.4 Dodging
 - Level 1.7 Stealth
 + Level 4.1 Invocations


You had 9 spell levels left.
You didn't know any spells.

Dungeon Overview and Level Annotations

Branches:
Dungeon (10/15)            Temple (1/1) D:5
   Lair: D:8-11         Orc: D:9-12

Altars:
Ashenzari
Cheibriados
Dithmenos
Elyvilon
Fedhas
Gozag
Hepliaklqana
Kikubaaqudgha
Makhleb
Nemelex Xobeh
Okawaru
Qazlal
Ru
Sif Muna
Trog
Uskayaw
Vehumet
Xom
Yredelemnul
Zin
The Shining One

Shops:
D:5 [(?*(   D:8 :


Innate Abilities, Weirdness & Mutations

You can breathe blasts of scalding, opaque steam.
Your pale cyan-grey scales are hard. (AC +7)
You cannot fit into any form of body armour.
You are cold-blooded and may be slowed by cold attacks.


Message History

The yak gores you.
* * * LOW HITPOINT WARNING * * *
The yak bellows!
The porcupine bites you.
* * * LOW HITPOINT WARNING * * *
The yak gores you but does no damage. The basilisk bites you!
* * * LOW HITPOINT WARNING * * *
The porcupine bites you but does no damage.
The yak barely misses you.
The yak snorts and paws the ground.
The porcupine bites you.
* * * LOW HITPOINT WARNING * * *
The basilisk bites you!!
* * * LOW HITPOINT WARNING * * *
The yak gores you.
* * * LOW HITPOINT WARNING * * *
The yak gores you.
* * * LOW HITPOINT WARNING * * *
The porcupine bites you!
You die...

##################
#.........r.......
#........Yt...rt..
#######Yr...............
......lYYYY†............
......Y@rtY.YY..........
.......YrY..............
########r...............
#................
.................
............. ..
............. . #######


You could see 11 yaks, a basilisk, a crocodile, 2 porcupines and 2 river rats.

Vanquished Creatures
  A centaur warrior (D:9)
  A hornet (D:8)
  A two-headed ogre (D:7)
  2 hippogriffs
  A wyvern (D:8)
  2 yaks (D:10)
  3 orc warriors
  An ice beast (D:8)
  A phantom (D:6)
  2 sky beasts
  4 ogres
  A necrophage (D:8)
  6 centaurs
  A crocodile (D:10)
  4 bullfrogs
  2 wyvern zombies
  3 wights (D:8)
  A howler monkey (D:5)
  2 crimson imps
  A centaur zombie (D:5)
  A quasit (D:8)
  A bullfrog skeleton (D:10)
  3 hounds
  A jelly (D:9)
  9 orc priests
  A centaur skeleton (D:8)
  6 orc wizards
  5 iguanas
  A worker ant (D:8)
  A hound skeleton (D:6)
  A worker ant zombie (D:5)
  14 adders
  A river rat (D:10)
  A shadow imp (D:9)
  3 adder skeletons
  3 worms
  4 dart slugs (D:1)
  5 leopard geckos
  50 orcs
  3 bats
  3 giant cockroaches
  11 goblins
  5 hobgoblins
  5 jackals
  5 quokkas
  4 ball pythons
  3 frilled lizards
  A jackal zombie (D:7)
  7 kobolds
  A leopard gecko skeleton (D:9)
  6 rats
  A plant (D:1)
206 creatures vanquished.

Vanquished Creatures (others)
  A fungus (D:10)
1 creature vanquished.

Grand Total: 207 creatures vanquished

Notes
Turn   | Place    | Note
-------+----------+-------------------------------------------
     0 | D:1      | Alarkh the Draconian Monk began the quest for the Orb.
     0 | D:1      | Reached XP level 1. HP: 19/19 MP: 1/1
   182 | D:1      | Reached XP level 2. HP: 20/26 MP: 2/2
   497 | D:1      | Reached skill level 4 in Axes
   712 | D:1      | Reached XP level 3. HP: 31/31 MP: 3/3
  1103 | D:3      | Found a blossoming altar of Fedhas.
  1166 | D:3      | Reached skill level 5 in Axes
  1166 | D:3      | Reached XP level 4. HP: 33/38 MP: 4/4
  1236 | D:4      | Found a shimmering altar of Xom.
  1237 | D:4      | Found a hazy altar of Hepliaklqana.
  1237 | D:4      | Noticed a wyvern
  1238 | D:4      | Noticed a wyvern
  1238 | D:4      | Noticed a spectral ugly thing
  1348 | D:5      | Entered Level 5 of the Dungeon
  1396 | D:5      | Found Yremanif's Magic Scroll Emporium.
  1458 | D:5      | Found Joesaubb's Weapon Shop.
  1579 | D:6      | Noticed a phantom
  1595 | D:6      | Killed a phantom
  1595 | D:6      | Reached skill level 6 in Axes
  1595 | D:6      | Reached XP level 5. HP: 25/45 MP: 5/5
  1621 | D:6      | Noticed an ogre
  1716 | D:6      | Noticed an orc warrior
  1736 | D:6      | Reached XP level 6. HP: 27/51 MP: 6/6
  1738 | D:6      | Killed an orc warrior
  1738 | D:6      | Reached skill level 7 in Axes
  1957 | D:6      | Reached skill level 8 in Axes
  1957 | D:6      | Your scales start taking on a pale cyan-grey colour.
  1957 | D:6      | Reached XP level 7. HP: 25/57 MP: 7/7
  2126 | D:2      | Found a faded altar of an unknown god.
  2199 | D:2      | Found an iron altar of Okawaru.
  2211 | D:2      | Became a worshipper of Warmaster Okawaru
  2211 | D:2      | Reached * piety under Okawaru
  2211 | D:2      | Reached ** piety under Okawaru
  3697 | D:4      | Reached skill level 9 in Axes
  4424 | D:5      | Found Eqap's Antique Weapon Boutique.
  4448 | D:5      | Found Riuruzyo's Armour Boutique.
  4451 | D:5      | Bought a +0 pair of boots for 45 gold pieces
  4484 | D:5      | Found a staircase to the Ecumenical Temple.
  4541 | D:5      | Reached XP level 8. HP: 40/63 MP: 8/8
  4598 | D:5      | Found a faded altar of an unknown god.
  4598 | D:5      | Found a faded altar of an unknown god.
  4603 | D:5      | Found an ancient bone altar of Kikubaaqudgha.
  4605 | D:5      | Found a shadowy altar of Dithmenos.
  4607 | D:5      | Found a faded altar of an unknown god.
  4648 | D:5      | Found Zukoom's General Store.
  4691 | D:5      | Reached skill level 10 in Axes
  4830 | Temple   | Entered the Ecumenical Temple
  5152 | D:6      | Reached *** piety under Okawaru
  5179 | D:6      | Reached skill level 11 in Axes
  5720 | D:7      | Noticed a hippogriff
  5753 | D:7      | Killed a hippogriff
  6367 | D:7      | Reached XP level 9. HP: 59/70 MP: 9/9
  6542 | D:7      | Reached skill level 12 in Axes
  6899 | D:8      | Found Lutinle's Book Shop.
  6923 | D:8      | Reached **** piety under Okawaru
  7265 | D:8      | Reached skill level 1 in Invocations
  7906 | D:8      | Reached skill level 13 in Axes
  8428 | D:9      | Noticed a centaur warrior
  8445 | D:9      | Killed a centaur warrior
  8445 | D:9      | Reached ***** piety under Okawaru
  8445 | D:9      | Reached XP level 10. HP: 50/80 MP: 12/12
  8585 | D:9      | Reached skill level 5 in Fighting
  8720 | D:9      | Received a gift from Okawaru
  8949 | D:10     | Entered Level 10 of the Dungeon
  9027 | D:10     | HP: 4/81 [yak (2)]
  9027 | D:10     | Slain by a porcupine

Skill      XL: |  1  2  3  4  5  6  7  8  9 10 |
---------------+-------------------------------+-----
Axes           | 4 5 6 8 9 11 13 | 13.6
Invocations    | 3 4 |  4.1
Dodging        | 3 4 |  4.4
Fighting       | 4 5 |  5.4
Stealth        | |  1.7

Action                   |  1- 3 |  4- 6 |  7- 9 | 10-12 || total
-------------------------+-------+-------+-------+-------++-------
Melee: Hand axe          |   143 |    56 |   396 |    32 ||   627
       Tailslap          |    20 |     3 |    50 |    16 ||    89
       Trident           |     9 |    11 |       |       ||    20
       War axe           |       |       |       |    35 ||    35
Invok: Heroism           |       |       |     4 |       ||     4
 Abil: Evoke Flight      |     1 |       |       |       ||     1
       Breathe Steam     |       |       |    17 |    11 ||    28
  Use: Scroll            |     4 |     2 |     9 |     2 ||    17
       Potion            |       |     2 |     1 |       ||     3
 Stab: Sleeping          |       |     1 |     5 |       ||     6
  Eat: Chunk             |     1 |     3 |    21 |     4 ||    29
Armor: Skin              |    24 |    28 |   107 |    25 ||   184
Dodge: Dodged            |    77 |    42 |   209 |    44 ||   372
